AoeStats
← Papi-etoilette

Highland

504817934Analyzed
2v2 RM · 24d ago on Sep 6, 2026· 37m 2s· 4 players
Game mode
Random Map
Map size
Medium (4 player)
Population
200
Speed
Normal
Resources
Standard
Victory
Conquest
Starting age
Dark Age
Ending age
Imperial Age
RankedLock teamsTeams togetherTeam positionsShared explorationLock speedFull tech treeHidden civsTurbo modeCheats
Victory
Defeat
🇲🇽 Franks · Mexico
1161
+15
🇵🇪 Mongols · Peru
1048
+20
🇫🇷 Khmer · France
1146
-18
🇫🇷 Franks · France
1133
-17
DavidMC117
5:29 Loom
12:59 Feudal Age
17:24 Castle Age
16:03 Forging
15:58 Scale Barding Armor
23:23 Town Watch
24:13 Wheelbarrow
26:20 Gold Mining
33:28 Imperial Age
31:27 Chain Barding Armor
34:32 Hand Cart
34:56 Iron Casting
34:57 Cavalier
36:47 Husbandry
BATWIN
1:46 Loom
10:33 Feudal Age
21:53 Castle Age
20:33 Fletching
21:04 Gold Mining
23:44 Husbandry
23:55 Bloodlines
30:50 Wheelbarrow
30:36 Double-Bit Axe
31:07 Forging
31:42 Horse Collar
32:06 Bodkin Arrow
33:51 Ballistics
34:00 Bow Saw
38:11 Imperial Age
36:22 Scale Barding Armor
36:29 Town Watch
Papi-etoilette
11:34 Feudal Age
9:50 Loom
16:46 Castle Age
14:39 Double-Bit Axe
22:25 Scale Barding Armor
23:12 Wheelbarrow
24:58 Forging
27:09 Gold Mining
27:56 Bow Saw
27:50 Husbandry
29:26 Town Watch
29:58 Hand Cart
33:18 Imperial Age
33:06 Chain Barding Armor
33:46 Scale Mail Armor
34:24 Iron Casting
34:52 Cavalier
36:05 Conscription
Tavern
6:17 Loom
8:04 Loom
10:48 Feudal Age
11:25 Double-Bit Axe
19:43 Castle Age
18:28 Gold Mining
19:33 Scale Barding Armor
20:00 Horse Collar
21:14 Gold Shaft Mining
20:57 Bow Saw
Connection lost

Rejoining the realm…

Still unreachable

The connection could not be restored.

Session expired

The server has moved on; the page needs a fresh start.